 Dungeon Crawl Stone Soup version 0.20-a0-270-g8e735b6 (webtiles) character file.

4901 Faca the Blocker (level 10, -5/77 HPs)
             Began as a Formicid Fighter on Dec 9, 2016.
             Was a Priest of Okawaru.
             Slain by an eight-headed hydra (10 damage)
             ... on level 8 of the Dungeon.
             The game lasted 00:23:06 (6946 turns).

Faca the Blocker (Formicid Fighter)                 Turns: 6946, Time: 00:23:07

Health: -5/77      AC: 22    Str: 21    XL:     10   Next: 80%
Magic:  10/10      EV:  6    Int:  8    God:    Okawaru [***...]
Gold:   406        SH: 17    Dex: 13    Spells: 9/9 levels left

rFire  + . .     SeeInvis +     d - +0 morningstar (protect)
rCold  x . .     Gourm    .     m - +0 plate armour
rNeg   . . .     Faith    .     n - +0 large shield
rPois  .         Spirit   .     (helmet unavailable)
rElec  .         Reflect  .     (no cloak)
rCorr  .         Harm     .     (no gloves)
MR     +....                    l - +1 pair of boots {Fly}
Stlth  ..........               e - amulet of regeneration
                                (no ring)
                                r - ring of fire

@: protection aura, flying
A: permanent stasis, dig shafts and tunnels, four strong arms, antennae 3
a: Dig, Shaft Self, Heroism, Renounce Religion, Stop Flying


You were on level 8 of the Dungeon.
You worshipped Okawaru.
Okawaru was most pleased with you.
You were not hungry.

You visited 2 branches of the dungeon, and saw 10 of its levels.

You collected 448 gold pieces.
You spent 42 gold pieces at shops.

Inventory:

Hand Weapons
 a - a +1 war axe
 d - a +0 morningstar of protection (weapon)
 j - a +2 whip of flaming
Armour
 l - a +1 pair of boots of flying (worn)
 m - a +0 plate armour (worn)
 n - a +0 large shield (worn)
Jewellery
 e - an amulet of regeneration (around neck)
 r - a ring of fire (left hand)
Wands
 u - a wand of enslavement (10/24)
 v - a wand of disintegration (1/24)
Scrolls
 i - 3 scrolls of remove curse
 k - 3 scrolls of enchant weapon
 o - a scroll of magic mapping
 p - a scroll of recharging
 q - 7 scrolls of identify
 t - a scroll of fear
Potions
 b - 2 potions of ambrosia
 c - a potion of cure mutation
 h - 3 potions of curing
Comestibles
 f - 8 bread rations
 g - 2 meat rations
 s - 6 beef jerkies


   Skills:
 + Level 6.7 Fighting
 + Level 9.6(9.7) Axes
 + Level 1.9(6.3) Maces & Flails
 + Level 7.4 Armour
 + Level 2.5 Dodging
 + Level 1.3 Stealth
 + Level 10.0 Shields


You had 9 spell levels left.
You didn't know any spells.

Dungeon Overview and Level Annotations

Branches:
Dungeon (9/15)             Temple (1/1) D:6
   Lair: D:8-11         Orc: D:9-12

Altars:
Hepliaklqana
Makhleb
Nemelex Xobeh
Okawaru
Qazlal
Sif Muna
Trog

Shops:
D:4 (   D:9 *


Innate Abilities, Weirdness & Mutations

You cannot be hasted, slowed, berserked, paralysed or teleported.
You can dig through walls and to a lower floor.
Your four strong arms can wield two-handed weapons with a shield.
You have a pair of large antennae on your head. (SInv)


Message History

* * * LOW HITPOINT WARNING * * *
The eight-headed hydra bites you but does no damage.
You block the eight-headed hydra's attack.
You hit the eight-headed hydra.
Your weapon exudes an aura of protection.
The eight-headed hydra is severely wounded.
The eight-headed hydra closely misses you.
The eight-headed hydra bites you.
* * * LOW HITPOINT WARNING * * *
The eight-headed hydra bites you but does no damage. x2
The eight-headed hydra bites you!
* * * LOW HITPOINT WARNING * * *
You block the eight-headed hydra's attack.
The eight-headed hydra bites you but does no damage.
You block the eight-headed hydra's attack.
The eight-headed hydra bites you but does no damage.
You block the eight-headed hydra's attack.
The eight-headed hydra bites you but does no damage. x2
The eight-headed hydra bites you!
You die...

#))....##.##...####.#.......####
#......##.##...####.#.##.......#
##.....##......#............##.##
####..#####..##.##.#.##.##......
#))#####..##.##.#.##.##.##.##
##.).............#.......##.#
#..(#########....####.......#
#..(# ####.##.# ######### #..(#
#..D@...# #..(#### #.##.#..#
####### ####..(##.###>#.....#
#.....#
......).....#)#.....###.....#
(((((..)....................#
............#.##.#.####.....#
####...##.###......# #.....# # #
#...#### ####.### ####### ## #
#...# ####.############ #.


You could see an eight-headed hydra.

Vanquished Creatures
  Pikel (D:4)
  A troll (D:9)
  A hippogriff (D:8)
  The ghost of CephalicBurn the Spear-Bearer, an amateur MfGl (D:3)
  Duvessa (D:5)
  7 orc warriors
  3 sky beasts
  A slave (D:4)
  A phantom (D:9)
  An ice beast (D:4)
  A black bear (D:8)
  4 ogres
  4 centaurs
  A wyvern zombie (D:7)
  2 bullfrogs
  2 gnoll sergeants
  A water moccasin zombie (D:9)
  A water moccasin skeleton (D:5)
  A scorpion (D:7)
  Dowan (D:5)
  2 howler monkeys (D:5)
  A wight (D:6)
  2 crimson imps
  A jelly (D:8)
  6 hounds
  9 orc priests
  A bullfrog skeleton (D:5)
  2 iguanas
  10 orc wizards
  4 worker ants
  A hound zombie (D:5)
  A hound skeleton (D:7)
  8 gnolls
  A howler monkey skeleton (D:5)
  11 adders
  A shadow imp (D:5)
  An adder skeleton (D:5)
  A worm (D:4)
  2 dart slugs (D:3)
  4 leopard geckos
  42 orcs
  2 ball pythons (D:3)
  4 giant cockroaches
  6 goblins
  10 hobgoblins
  3 jackals (D:1)
  4 kobolds
  6 quokkas
  9 bats
  4 frilled lizards
  A jackal skeleton (D:5)
  A leopard gecko zombie (D:5)
  11 rats
208 creatures vanquished.

Vanquished Creatures (others)
  An orc wizard (D:7)
1 creature vanquished.

Grand Total: 209 creatures vanquished

Notes
Turn   | Place    | Note
-------+----------+-------------------------------------------
     0 | D:1      | Faca the Formicid Fighter began the quest for the Orb.
     0 | D:1      | Reached XP level 1. HP: 18/18 MP: 1/1
   147 | D:1      | Reached XP level 2. HP: 24/24 MP: 2/2
   251 | D:1      | Reached skill level 4 in Shields
   748 | D:1      | Reached XP level 3. HP: 29/29 MP: 3/3
  1213 | D:2      | Reached XP level 4. HP: 36/37 MP: 4/4
  1354 | D:2      | Found a hazy altar of Hepliaklqana.
  1713 | D:3      | Reached skill level 1 in Dodging
  1713 | D:3      | Reached XP level 5. HP: 28/42 MP: 5/5
  1789 | D:3      | Noticed CephalicBurn's ghost (amateur MfGl)
  1801 | D:3      | Killed CephalicBurn's ghost
  1801 | D:3      | Reached skill level 5 in Shields
  1801 | D:3      | Reached XP level 6. HP: 48/48 MP: 6/6
  2553 | D:4      | Noticed a slave
  2554 | D:4      | Noticed Pikel
  2554 | D:4      | Noticed a slave
  2573 | D:4      | Killed a slave
  2578 | D:4      | Noticed a slave
  2579 | D:4      | Noticed a slave
  2607 | D:4      | Killed Pikel
  2607 | D:4      | Reached skill level 5 in Axes
  2607 | D:4      | Reached skill level 5 in Armour
  2607 | D:4      | Reached skill level 6 in Shields
  2607 | D:4      | Reached XP level 7. HP: 35/55 MP: 7/7
  2607 | D:4      | Reached XP level 8. HP: 39/61 MP: 8/8
  2654 | D:4      | Found Vam Hoef's Antique Weapon Boutique.
  2929 | D:5      | Entered Level 5 of the Dungeon
  3026 | D:5      | Reached skill level 7 in Shields
  3136 | D:5      | Reached skill level 5 in Fighting
  3377 | D:5      | Noticed Dowan
  3381 | D:5      | Noticed Duvessa
  3384 | D:5      | Killed Dowan
  3384 | D:5      | Reached XP level 9. HP: 68/68 MP: 9/9
  3400 | D:5      | Killed Duvessa
  3835 | D:5      | Reached skill level 1 in Maces & Flails
  3846 | D:6      | Found a staircase to the Ecumenical Temple.
  3855 | Temple   | Entered the Ecumenical Temple
  3860 | Temple   | Became a worshipper of Warmaster Okawaru
  3935 | D:6      | Reached skill level 8 in Shields
  4187 | D:6      | Reached * piety under Okawaru
  4913 | D:7      | Found a stormy altar of Qazlal.
  4933 | D:7      | Reached skill level 1 in Stealth
  5020 | D:7      | Reached XP level 10. HP: 76/76 MP: 10/10
  5137 | D:7      | Found a sparkling altar of Nemelex Xobeh.
  5236 | D:7      | Reached skill level 9 in Shields
  5384 | D:7      | Found a deep blue altar of Sif Muna.
  5700 | D:8      | Reached ** piety under Okawaru
  6109 | D:8      | Found a sparkling altar of Nemelex Xobeh.
  6606 | D:9      | Reached *** piety under Okawaru
  6705 | D:9      | Found Xaiclot's General Store.
  6727 | D:8      | Reached skill level 10 in Shields
  6841 | D:9      | Bought a potion of mutation for 42 gold pieces
  6898 | D:9      | Noticed an eight-headed hydra
  6946 | D:8      | Slain by an eight-headed hydra

Vault maps used:
D:1:      erik_arrival_blinker_ship, minmay_pentomino_v4
D:2:      lemuel_round_altar, minmay_split_cup_large
D:3:      minmay_misc_feat_more_columns, minmay_cut_off
D:4:      serial_shops, nicolae_shop_overgrown_old_shop, serial_glass,
          glass_columns_a, glass_columns_b, glass_columns_c, glass_columns_a,
          glass_columns_b, glass_columns_a, glass_columns_c, glass_columns_a,
          glass_columns_a, glass_columns_c, glass_columns_a, glass_columns_a,
          glass_columns_b, glass_columns_b, uniq_pikel
D:5:      first_bread, uniq_duvessa
D:6:      sword_in_stone
D:7:      old_standard_altar, nicolae_overflow_crystal_walls, grunt_ogre_cave,
          minivault_26, nemelex_diamond_rough_becter
D:8:      minmay_misc_feat_room, hangedman_decor_growths,
          kennysheep_another_room, nemelex_spade_bored_becter
D:9:      vehumet_crystals, ashenzari_altar_1, special_room, serial_shops, shop,
          uniq_joseph
Temple:   nicolae_temple_elliptical

Skill      XL: |  1  2  3  4  5  6  7  8  9 10 |
---------------+-------------------------------+-----
Shields        | 4 5 6 7 8 10 | 10.0
Axes           | 3 5 6 8 9 |  9.6
Armour         | 4 5 6 7 |  7.4
Dodging        | 1 2 |  2.5
Fighting       | 4 5 6 |  6.7
Maces & Flails | 1 |  1.9
Stealth        | 1 |  1.3

Action                   |  1- 3 |  4- 6 |  7- 9 | 10-12 || total
-------------------------+-------+-------+-------+-------++-------
Melee: War axe           |   131 |   215 |   358 |   255 ||   959
       Whip              |       |       |    27 |       ||    27
       Morningstar       |       |       |    21 |     7 ||    28
  Use: Scroll            |     6 |     3 |     3 |     1 ||    13
       Potion            |       |     7 |     2 |       ||     9
  Eat: Fruit             |     3 |       |     4 |       ||     7
       Pizza             |       |     3 |     1 |       ||     4
       Royal jelly       |       |       |     1 |     1 ||     2
       Beef jerky        |       |       |     1 |       ||     1
       Meat ration       |       |       |       |     1 ||     1
Armor: Scale mail        |    70 |    34 |       |       ||   104
       Chain mail        |       |    44 |    53 |       ||    97
       Plate armour      |       |       |    56 |   136 ||   192
Dodge: Dodged            |    45 |    43 |    60 |    47 ||   195
Block: Shield            |    87 |     3 |       |       ||    90
       Large shield      |       |   153 |   302 |   244 ||   699
